 Dungeon Crawl Stone Soup version 0.31-a0-187-gba352fbbf7 (webtiles) character file.

Game seed: 5185012533465229866

172 innerfire43 the Chopper (level 5, -10/42 HPs)
             Began as a Demonspawn Monk on June 22, 2023.
             Mangled by an iguana (11 damage)
             ... on level 4 of the Dungeon.
             The game lasted 00:02:20 (1450 turns).

innerfire43 the Chopper (Demonspawn Monk)           Turns: 1450, Time: 00:02:21

Health: -10/42     AC:  4    Str: 13    XL:     5   Next: 27%
Magic:  5/5        EV:  8    Int: 11    God:
Gold:   126        SH: 16    Dex: 16    Spells: 4/4 levels left

rFire   . . .        a - +0 hand axe
rCold   . . .        m - +0 tower shield
rNeg    . . .        b - +0 robe
rPois   .            (no helmet)
rElec   .            (no cloak)
rCorr   +            (no gloves)
SInv    .            (no boots)
Will    .....        (no amulet)
Stlth   +            e - ring of resist corrosion
HPRegen 0.27/turn    (no ring)
MPRegen 0.09/turn

%: no passive effects
@: on berserk cooldown, slowed, very slow
A: thin metallic scales 1, demonic guardian 1, condensation shield
a: no special abilities


You were on level 4 of the Dungeon.
You visited 1 branch of the dungeon, and saw 3 of its levels.

You collected 126 gold pieces.

Inventory:

Hand Weapons
 a - a +0 hand axe (weapon)
Armour
 b - a +0 robe (worn)
 d - an orb of light
 m - a +0 tower shield (worn)
Jewellery
 e - a ring of resist corrosion (left hand)
Wands
 n - a wand of paralysis (10)
Scrolls
 g - a scroll of fear {unknown}
 k - a scroll of fog {unknown}
Potions
 f - a potion of might
 i - 2 potions of lignification {unknown}
 j - a potion of attraction {unknown}
 l - a potion of curing {unknown}
 o - a potion of magic {unknown}


   Skills:
 + Level 3.8 Fighting
 + Level 4.2 Axes
 + Level 3.4 Dodging
 * Level 1.1 Shields


You had 4 spell levels left.
You didn't know any spells.
Your spell library contained the following spells:

 Spells                   Type           Power      Damage    Failure   Level
 Summon Ice Beast         Ice/Summ       0%         N/A       100%        4
 Summon Mana Viper        Hex/Summ       0%         N/A       100%        5
 Monstrous Menagerie      Summ           0%         N/A       100%        7


Dungeon Overview and Level Annotations

Branches:
Dungeon (2/15)

Altars:

Shops:
D:4 !


Innate Abilities, Weirdness & Mutations

You are partially covered in thin metallic scales. (AC +2)
A weak demonic guardian rushes to your aid.
A meltable shield of frost defends you. (SH +4)


Message History

You feel sick.
You are no longer berserk.
You are exhausted.
You feel yourself slow down.
You feel sick.
You are no longer poisoned.
Found a stone staircase leading down.
An iguana comes into view.
The iguana hisses angrily.
Your white imp disappears in a puff of smoke!
You see here a book of Beasts.
You pick up a book of Beasts and begin reading...
You add the spells Summon Ice Beast, Summon Mana Viper and Monstrous Menagerie to your library.
You hit the iguana but do no damage. You block the iguana's attack.
The iguana barely misses you. The iguana closely misses you.
You hit the iguana but do no damage. You block the iguana's attack.
The iguana barely misses you.
You hit the iguana.
The iguana is lightly wounded.
The iguana bites you! You block the iguana's attack.
You hit the iguana but do no damage.
The iguana is lightly wounded.
The iguana bites you.
* * * LOW HITPOINT WARNING * * *
The iguana bites you but does no damage.
You block the iguana's attack.
You hit the iguana but do no damage.
The iguana is lightly wounded.
The iguana bites you.
* * * LOW HITPOINT WARNING * * *
You block the iguana's attack.
You barely miss the iguana.
The iguana is lightly wounded.
The iguana bites you!
* * * LOW HITPOINT WARNING * * *
A demonic guardian appears!
The iguana barely misses you.
You hit the iguana.
The iguana is moderately wounded.
You block the iguana's attack. x2; Your iron imp hits the iguana.
The iguana bites you!
You die...

#..............#
#.......†......#
#..............#
#..............#
#..............#####
######...................
.......#######...........
.......# #...5....>..
.......# #..@l.......
.......# #######.....
.......# ..... .......#
.... .......# ....
.......##### ...
##.......... .+..........
............


You could see an iguana (ally target) and a friendly iron imp (summoned).

Vanquished Creatures
  A gnoll (D:1)
  2 adders (D:4)
  2 dart slugs (D:1)
  An orc (D:4)
  4 endoplasms
  2 goblins (D:1)
  6 hobgoblins
  6 kobolds (D:1)
  2 quokkas
  4 ball pythons (D:1)
  7 bats
  A frilled lizard (D:2)
  5 rats
43 creatures vanquished.

Vanquished Creatures (collateral kills)
  A scorpion (D:4)
  A jelly (D:4)
  A gnoll (D:4)
3 creatures vanquished.

Grand Total: 46 creatures vanquished

Notes
Turn   | Place    | Note
-------+----------+-------------------------------------------
     0 | D:1      | innerfire43 the Demonspawn Monk began the quest for the
                  | Orb.
     0 | D:1      | Reached XP level 1. HP: 18/18 MP: 1/1
   109 | D:1      | Gained mutation: A weak demonic guardian rushes to your
                  | aid. [demonic ancestry]
   109 | D:1      | Reached XP level 2. HP: 23/24 MP: 2/2
   152 | D:1      | Reached skill level 3 in Axes
   264 | D:1      | Gained mutation: You are partially covered in thin metallic
                  | scales. (AC +2) [demonic ancestry]
   264 | D:1      | Reached XP level 3. HP: 25/29 MP: 3/3
  1023 | D:2      | You fall into a shaft and drop 2 floors!
  1057 | D:4      | Paralysed by a hobgoblin for 4 turns
  1102 | D:4      | Noticed a gnoll sergeant
  1182 | D:4      | HP: 1/29 [gnoll/+0 flail[a gnoll sergeant] (12)]
  1184 | D:4      | Reached XP level 4. HP: 2/37 MP: 4/4
  1371 | D:4      | Found Goylu's Distillery.
  1413 | D:4      | Noticed a scorpion
  1427 | D:4      | Killed a scorpion
  1428 | D:4      | Reached skill level 4 in Axes
  1428 | D:4      | Reached skill level 1 in Shields
  1428 | D:4      | Gained mutation: A meltable shield of frost defends you.
                  | (SH +4) [demonic ancestry]
  1428 | D:4      | Reached XP level 5. HP: 18/42 MP: 5/5
  1449 | D:4      | HP: 1/42 [iguana (12)]
  1450 | D:4      | Mangled by an iguana

Illustrated notes

Levels and vault maps discovered:
D:1:      minmay_arrival_four_houses, layout_loops_ring, minmay_unequal
D:2:      layout_loops_cross, mrwooster_statue_mirror
D:4:      layout_gridville, serial_shops, nicolae_shop_industrial_runoff, shop,
          shop

Skill      XL: |  1  2  3  4 |
---------------+-------------+-----
Axes           | 3 4 |  4.2
Dodging        | 3 |  3.4
Shields        | 1 |  1.1
Fighting       | |  3.8

Action                     |  1- 3 |  4- 6 || total
---------------------------+-------+-------++-------
  Melee: Hand axe          |    90 |    24 ||   114
    Use: Scroll            |     3 |       ||     3
         Potion            |     1 |     2 ||     3
   Stab: Distracted        |     1 |       ||     1
 Armour: Robe              |    35 |     8 ||    43
  Dodge: Dodged            |    69 |    13 ||    82
  Block: Tower shield      |     8 |    20 ||    28

Table legend: (Time is in decaauts)
 A = Elapsed time spent in this place.
 B = Non-inter-level travel time spent in this place.
 C = Inter-level travel time spent in this place.
 D = Time resting spent in this place.
 E = Time spent auto-exploring this place.
 F = Levels seen in this place.
 G = Mean time per level.
                   A        B        C        D        E       F      G
               +--------+--------+--------+--------+--------+-----+--------+
         Total |   1504 |   1504 |      0 |      0 |   1010 |   3 |  501.3 |
       Dungeon |   1504 |   1504 |      0 |      0 |   1010 |   3 |  501.3 |
               +--------+--------+--------+--------+--------+-----+--------+

Top non-repeatable levels by time:
     D:1: 789 daAuts
     D:4: 470 daAuts
     D:2: 244 daAuts
